 Dungeon Crawl Stone Soup version 0.29.1-15-g9cfb28693d (webtiles) character file.

Game seed: 802412281544727042

7 comborobin the Sneak (level 1, 0/19 HPs)
             Began as a Draconian Delver on Dec 28, 2023.
             Slain by an iguana (10 damage)
             ... on level 4 of the Dungeon.
             The game lasted 00:00:39 (368 turns).

comborobin the Sneak (Draconian Delver)              Turns: 368, Time: 00:00:39

Health: 0/19       AC:  5    Str: 14    XL:     1   Next: 91%
Magic:  1/1        EV: 12    Int: 10    God:
Gold:   0          SH:  0    Dex: 12    Spells: 0/0 levels left

rFire   . . .      SeeInvis .     - Unarmed
rCold   . . .      Faith    .   (no shield)
rNeg    . . .      Spirit   .   (body armour unavailable)
rPois   +          Reflect  .   (helmet restricted)
rElec   .          Harm     .   f - +0 cloak
rCorr   .          Rampage  .   (no gloves)
Will    .....                   (no boots)
Stlth   +++.......              (no amulet)
HPRegen 0.06/turn               b - ring of poison resistance
MPRegen 0.07/turn               (no ring)

@: no status effects
A: AC +4, unfitting armour, cold-blooded
a: no special abilities


You were on level 4 of the Dungeon.
You visited 1 branch of the dungeon, and saw 2 of its levels.

Inventory:

Armour
 f - a +0 cloak (worn)
Jewellery
 b - a ring of poison resistance (left hand)
Wands
 e - a wand of digging (3)
Scrolls
 a - a scroll of fog
 c - a scroll of fear
 h - a scroll of torment {unknown}
 i - a scroll of identify {unknown}
Potions
 d - a potion of haste
 g - a potion of attraction {unknown}


   Skills:
 - Level 3.2 Fighting
 - Level 1.7 Dodging
 - Level 4.5 Stealth
 + Level 2.7 Unarmed Combat


You couldn't memorise any spells.
You didn't know any spells.
Your spell library was empty.

Dungeon Overview and Level Annotations

Branches:
Dungeon (5/15)
 Temple: D:4-7

Altars:


Innate Abilities, Weirdness & Mutations

Your plain brown scales are hard. (AC +4)
You cannot fit into any form of body armour.
You are cold-blooded and may be slowed by cold attacks.


Message History

a +0 mace; an orc corpse
Things that are here:
a +0 club; an orc corpse You start resting.
HP restored.
There is a stone staircase leading up, spattered with blood here.
Things that are here:
a +0 dagger; an orc skeleton
There is a stone staircase leading up, spattered with blood here.
You climb upwards.
There is a stone staircase leading down, spattered with blood here.
An iguana comes into view.
Okay, then.
(D) Dungeon
Where to? (Enter - D:4, ? - help)
Okay, then.
Found a ring mail.
Found 8 stones.
An orc wizard and an orc come into view.
There are monsters nearby!
There are monsters nearby!
A dart slug comes into view.
The orc shouts!
The iguana hisses angrily.
You hit the iguana but do no damage. The iguana bites you!
Ouch! That really hurt!
You hit the iguana.
The iguana is lightly wounded.
The iguana closely misses you.
You hit the iguana but do no damage.
The iguana is lightly wounded.
The iguana barely misses you.
You hit the iguana.
The iguana is moderately wounded.
You hit the iguana but do no damage.
You tail-slap the iguana, but do no damage.
The iguana is moderately wounded.
The iguana bites you!
Ouch! That really hurt!
You die...

#.# #.# #.# # #.# .# #.#
.# ..##.# ##l#
...#.################...
#............o.@l.....#
#..#################..#
#....# ##..# #.##.####
#...#
#.##....###########.#
##.#####.............#
..(# ########>######
#### #.# #.#


You could see an iguana and an orc.

Vanquished Creatures
  3 orcs (D:5)
  A quokka (D:5)
4 creatures vanquished.

Notes
Turn   | Place    | Note
-------+----------+-------------------------------------------
     0 | D:5      | comborobin the Draconian Delver began the quest for the
                  | Orb.
     0 | D:5      | Reached XP level 1. HP: 19/19 MP: 1/1
    18 | D:5      | Identified the +2 leather armour "Juleveho" {Fly rC+ Str+3}
   310 | D:4      | Noticed an iguana
   334 | D:4      | Noticed an orc wizard
   368 | D:4      | Slain by an iguana

Illustrated notes

Levels and vault maps discovered:
D:4:      layout_basic, nemelex_diamond_rough_becter
D:5:      minmay_opposing_rooms, layout_rooms, uniq_crazy_yiuf_cottage,
          uniq_duvessa

Action                   || total
-------------------------++-------
Melee: Unarmed           ||    21
       Tailslap          ||     5
       Punch             ||     1
  Use: Scroll            ||     1
 Stab: Sleeping          ||     1
Armor: Skin              ||     3
Dodge: Dodged            ||    13
